ITL
INDIANA HOUNDS @ BLUEVILLE 83'S
07/03/2027
 
TOP OF THE 1ST
Indiana Hounds batting - Pitching for Blueville 83's : RHP Cody White
Pitching: RHP Cody White
Batting: RHB Howard Daniel 0-0: Ball
1-0: Swinging Strike
1-1: Called Strike
1-2: Strikes out swinging, 2-3 out at first.
Batting: RHB Norberto Gonzáles 0-0: Swinging Strike
0-1: Ball
1-1: Foul Ball, location: 2F
1-2: Fly out, F9 (Flyball, 9S)
Batting: RHB Vicente Valentín 0-0: Ball
1-0: Ball
2-0: Called Strike
2-1: Called Strike
2-2: Ball
3-2: Base on Balls
Batting: RHB Jeff Jones 0-0: Called Strike
0-1: Ball
1-1: Called Strike
1-2: Strikes out swinging
Top of the 1st over - 0 run(s), 0 hit(s), 0 error(s), 1 left on base; Indiana 0 - Blueville 0
BOTTOM OF THE 1ST
Blueville 83's batting - Pitching for Indiana Hounds : RHP Leonard Akers
Pitching: RHP Leonard Akers
Batting: RHB Barney Lawson 0-0: Called Strike
0-1: Ball
1-1: Ball
2-1: Ball
3-1: Base on Balls
Batting: LHB Roberto Trujillo 0-0: Foul Ball, location: 2F
0-1: Ball
1-1: Ball
2-1: Ball
3-1: Base on Balls
Barney Lawson to second
Batting: RHB Oliver Lugo 0-0: Ball
1-0: Ball
2-0: Foul Ball, location: 2F
2-1: Foul Ball, location: 2F
2-2: Strikes out swinging
Batting: RHB Pat Haynes 0-0: Ball
1-0: Foul Ball, location: 2F
1-1: Ball
2-1: Fly out, F5 (Popup, 5L)
Batting: RHB Matt Perkins 0-0: Ball
1-0: Fielders Choice at 2nd, 6-4 (Groundball, 6)
Bottom of the 1st over - 0 run(s), 0 hit(s), 0 error(s), 1 left on base; Indiana 0 - Blueville 0
TOP OF THE 2ND
Indiana Hounds batting - Pitching for Blueville 83's : RHP Cody White
Batting: LHB Dave Helásquez 0-0: Called Strike
0-1: Ball
1-1: Foul Ball, location: 2F
1-2: Strikes out swinging
Batting: RHB Chan-seok O 0-0: Ball
1-0: Foul Ball, location: 2F
1-1: Ground out 1-3 (Groundball, P)
Batting: RHB Juan Brito 0-0: Swinging Strike
0-1: Ball
1-1: Ball
2-1: Swinging Strike
2-2: Strikes out looking
Top of the 2nd over - 0 run(s), 0 hit(s), 0 error(s), 0 left on base; Indiana 0 - Blueville 0
BOTTOM OF THE 2ND
Blueville 83's batting - Pitching for Indiana Hounds : RHP Leonard Akers
Batting: RHB Dallas Blair 0-0: Ball
1-0: Foul Ball, location: 2F
1-1: Called Strike
1-2: Ball
2-2: Ball
3-2: Base on Balls
Batting: LHB Vincente Sáenz 0-0: Ball
1-0: Ball
2-0: Ground out 4-3 (Groundball, 4S)
Dallas Blair to second
Batting: RHB Daryl Floyd 0-0: Ball
1-0: Ball
2-0: Ball
3-0: Called Strike
3-1: Base on Balls
Batting: LHB Júlio Velásquez 0-0: Ball
1-0: Reached via error on a dropped throw, E4
Dallas Blair to third
Daryl Floyd to second
Batting: RHB Barney Lawson 0-0: Fly out, F5 (Line Drive, 56)
Batting: LHB Roberto Trujillo 0-0: Ball
1-0: Ball
2-0: Ball
3-0: Base on Balls
Dallas Blair scores
Daryl Floyd to third
Júlio Velásquez to second
Batting: RHB Oliver Lugo 0-0: Ball
1-0: Ball
2-0: Called Strike
2-1: Ball
3-1: Called Strike
3-2: Ground out 4-3 (Groundball, 4)
Bottom of the 2nd over - 1 run(s), 0 hit(s), 1 error(s), 3 left on base; Indiana 0 - Blueville 1
TOP OF THE 3RD
Indiana Hounds batting - Pitching for Blueville 83's : RHP Cody White
Batting: RHB Doug Murray 0-0: Ball
1-0: Swinging Strike
1-1: Ball
2-1: Ball
3-1: Base on Balls
Batting: RHB Octávio Marín 0-0: Called Strike
Doug Murray steals 2nd base
0-1: Ball
1-1: Fly out, F6 (Line Drive, 6)
Batting: RHB Howard Daniel 0-0: Ball
1-0: Called Strike
1-1: Foul Ball, location: 2F
1-2: Ball
2-2: Fly out, F2 (Popup, 25)
Batting: RHB Norberto Gonzáles 0-0: Called Strike
0-1: Swinging Strike
0-2: Fly out, F7 (Flyball, 7)
Top of the 3rd over - 0 run(s), 0 hit(s), 0 error(s), 1 left on base; Indiana 0 - Blueville 1
BOTTOM OF THE 3RD
Blueville 83's batting - Pitching for Indiana Hounds : RHP Leonard Akers
Batting: RHB Pat Haynes 0-0: Ball
1-0: Ball
2-0: Ball
3-0: Called Strike
3-1: Base on Balls
Batting: RHB Matt Perkins 0-0: Called Strike
0-1: Ball
1-1: Foul Ball, location: 2F
1-2: Grounds into double play, 6-4-3 (Groundball, 6)
Batting: RHB Dallas Blair 0-0: Foul Ball, location: 2F
0-1: Foul Ball, location: 2F
0-2: Ball
1-2: DOUBLE (Line Drive, 89M)
Batting: LHB Vincente Sáenz 0-0: 2-RUN HOME RUN (Flyball, 89XD), Distance : 409 ft
Batting: RHB Daryl Floyd 0-0: Ball
1-0: Called Strike
1-1: Foul Ball, location: 2F
1-2: Fly out, F9 (Flyball, 9LS)
Bottom of the 3rd over - 2 run(s), 2 hit(s), 0 error(s), 0 left on base; Indiana 0 - Blueville 3
TOP OF THE 4TH
Indiana Hounds batting - Pitching for Blueville 83's : RHP Cody White
Batting: RHB Vicente Valentín 0-0: Called Strike
0-1: Foul Ball, location: 2F
0-2: Strikes out swinging
Batting: RHB Jeff Jones 0-0: Fly out, F3 (Flyball, 34D)
Batting: LHB Dave Helásquez 0-0: Ball
1-0: Ball
2-0: Foul Ball, location: 2F
2-1: Called Strike
2-2: Foul Ball, location: 2F
2-2: Ball
3-2: Base on Balls
Batting: RHB Chan-seok O 0-0: Called Strike
0-1: SINGLE (Line Drive, 89M)
Dave Helásquez to second
Batting: RHB Juan Brito 0-0: Called Strike
0-1: Called Strike
0-2: Ball
1-2: Ball
2-2: Ball
3-2: Fly out, F9 (Flyball, 9S)
Top of the 4th over - 0 run(s), 1 hit(s), 0 error(s), 2 left on base; Indiana 0 - Blueville 3
BOTTOM OF THE 4TH
Blueville 83's batting - Pitching for Indiana Hounds : RHP Leonard Akers
Batting: LHB Júlio Velásquez 0-0: Ball
1-0: Foul Ball, location: 2F
1-1: Ball
2-1: SINGLE (Groundball, 4MD)
Batting: RHB Barney Lawson 0-0: Foul Ball, location: 2F
0-1: Ball
1-1: Ball
2-1: Ball
3-1: Called Strike
3-2: Foul Ball, location: 2F
3-2: Base on Balls
Júlio Velásquez to second
Batting: LHB Roberto Trujillo 0-0: Foul Ball, location: 2F
0-1: Ball
1-1: Ball
2-1: Ball
3-1: Foul Ball, location: 2F
3-2: Base on Balls
Júlio Velásquez to third
Barney Lawson to second
Batting: RHB Oliver Lugo 0-0: Called Strike
0-1: Hit by Pitch
Júlio Velásquez scores
Barney Lawson to third
Roberto Trujillo to second
Batting: RHB Pat Haynes 0-0: Ball
1-0: Ball
2-0: Called Strike
2-1: Ball
3-1: Base on Balls
Barney Lawson scores
Roberto Trujillo to third
Oliver Lugo to second
Batting: RHB Matt Perkins 0-0: Ball
1-0: Ground out 6-3 (Groundball, 6S)
Roberto Trujillo scores
Oliver Lugo to third
Pat Haynes to second
Batting: RHB Dallas Blair 0-0: Ball
1-0: Foul Ball, location: 2F
1-1: Ball
2-1: Foul Ball, location: 2F
2-2: Ground out 5-3 (Groundball, 56)
Oliver Lugo scores
Pitching: RHP Teddy Mathews
Batting: LHB Vincente Sáenz 0-0: Called Strike
0-1: Ball
1-1: Ball
2-1: Foul Ball, location: 2F
2-2: Ball
3-2: SINGLE (Groundball, 4MD)
Pat Haynes to third
Pat Haynes scores
Batting: RHB Daryl Floyd 0-0: Fielders Choice at 2nd, 5-4 (Groundball, 5L)
Bottom of the 4th over - 5 run(s), 2 hit(s), 0 error(s), 0 left on base; Indiana 0 - Blueville 8
TOP OF THE 5TH
Indiana Hounds batting - Pitching for Blueville 83's : RHP Cody White
Batting: RHB Doug Murray 0-0: Ball
1-0: Ground out 6-3 (Groundball, 6MS)
Batting: RHB Octávio Marín 0-0: Ball
1-0: Ball
2-0: Ball
3-0: Called Strike
3-1: Foul Ball, location: 2F
3-2: Strikes out swinging
Batting: RHB Howard Daniel 0-0: Swinging Strike
0-1: Called Strike
0-2: Strikes out looking
Top of the 5th over - 0 run(s), 0 hit(s), 0 error(s), 0 left on base; Indiana 0 - Blueville 8
BOTTOM OF THE 5TH
Blueville 83's batting - Pitching for Indiana Hounds : RHP Teddy Mathews
Batting: LHB Júlio Velásquez 0-0: Swinging Strike
0-1: Foul Ball, location: 2F
0-2: Ball
1-2: Ball
2-2: Strikes out looking
Batting: RHB Barney Lawson 0-0: Ball
1-0: Foul Ball, location: 2F
1-1: Ball
2-1: Called Strike
2-2: Foul Ball, location: 2F
2-2: Foul Ball, location: 2F
2-2: Fly out, F8 (Flyball, 8RD)
Batting: LHB Roberto Trujillo 0-0: Ball
1-0: Ball
2-0: Called Strike
2-1: Ball
3-1: Base on Balls
Batting: RHB Oliver Lugo 0-0: Ball
1-0: 2-RUN HOME RUN (Flyball, 78XD), Distance : 417 ft
Batting: RHB Pat Haynes 0-0: Ball
1-0: Foul Ball, location: 2F
1-1: Foul Ball, location: 2F
1-2: Foul Ball, location: 2F
1-2: Ball
2-2: Ball
3-2: Foul Ball, location: 2F
3-2: Base on Balls
Batting: RHB Matt Perkins 0-0: Ball
1-0: Ball
2-0: SINGLE (Flyball, 9S)
Pat Haynes to second
Batting: RHB Dallas Blair 0-0: Swinging Strike
0-1: Ball
1-1: Ball
2-1: Swinging Strike
2-2: Strikes out looking
Bottom of the 5th over - 2 run(s), 2 hit(s), 0 error(s), 2 left on base; Indiana 0 - Blueville 10
TOP OF THE 6TH
Indiana Hounds batting - Pitching for Blueville 83's : RHP Cody White
Pitching: LHP Carlos Thomas
Batting: RHB Norberto Gonzáles 0-0: Called Strike
0-1: Swinging Strike
0-2: Strikes out looking
Batting: RHB Vicente Valentín 0-0: Ball
1-0: Ball
2-0: Called Strike
2-1: Ball
3-1: Base on Balls
Batting: RHB Jeff Jones 0-0: Called Strike
0-1: Ball
1-1: Called Strike
1-2: Strikes out swinging
Batting: LHB Dave Helásquez 0-0: Ball
1-0: Called Strike
1-1: Foul Ball, location: 2F
1-2: Ball
2-2: Foul Ball, location: 2F
2-2: SINGLE (Flyball, 8RS)
Vicente Valentín to second
Batting: RHB Chan-seok O 0-0: Called Strike
0-1: Called Strike
0-2: Ground out 3-1 (Groundball, 3S)
Top of the 6th over - 0 run(s), 1 hit(s), 0 error(s), 2 left on base; Indiana 0 - Blueville 10
BOTTOM OF THE 6TH
Blueville 83's batting - Pitching for Indiana Hounds : RHP Teddy Mathews
Batting: LHB Vincente Sáenz 0-0: Foul Ball, location: 2F
0-1: Ball
1-1: Ball
2-1: Foul Ball, location: 2F
2-2: Strikes out swinging, 2-3 out at first.
Pitching: RHP Kitahachi Okada
Batting: RHB Daryl Floyd 0-0: Ball
1-0: Ground out 6-3 (Groundball, 6)
Batting: LHB Júlio Velásquez 0-0: Ball
1-0: Foul Ball, location: 2F
1-1: Called Strike
1-2: SINGLE (Groundball, 34D)
Batting: RHB Barney Lawson 0-0: Ball
1-0: Called Strike
1-1: Ball
Júlio Velásquez steals 2nd base
2-1: Ground out 6-3 (Groundball, 6MS)
Bottom of the 6th over - 0 run(s), 1 hit(s), 0 error(s), 1 left on base; Indiana 0 - Blueville 10
TOP OF THE 7TH
Indiana Hounds batting - Pitching for Blueville 83's : LHP Carlos Thomas
Batting: RHB Juan Brito 0-0: DOUBLE (Flyball, 9LM)
Batting: RHB Doug Murray 0-0: DOUBLE (Groundball, 5L)
Juan Brito scores
Batting: RHB Octávio Marín 0-0: Ball
1-0: Foul Ball, location: 2F
1-1: Called Strike
1-2: Ball
2-2: Foul Ball, location: 2F
2-2: Ball
3-2: Strikes out swinging
Batting: RHB Howard Daniel 0-0: Called Strike
Doug Murray steals 3rd base
0-1: Called Strike
0-2: Ball
1-2: Foul Ball, location: 2F
1-2: Strikes out swinging
Batting: RHB Norberto Gonzáles 0-0: SINGLE (Groundball, 6MD)
Doug Murray scores
Batting: RHB Vicente Valentín 0-0: Ball
1-0: Ball
2-0: Called Strike
2-1: Ball
3-1: Foul Ball, location: 2F
3-2: Foul Ball, location: 2F
3-2: Foul Ball, location: 2F
3-2: Base on Balls
Norberto Gonzáles to second
Batting: RHB Jeff Jones 0-0: Foul Ball, location: 2F
0-1: Swinging Strike
0-2: Ball
1-2: Ball
2-2: Ball
3-2: Base on Balls
Norberto Gonzáles to third
Vicente Valentín to second
Pitching: LHP Pierre Dumont
Batting: LHB Dave Helásquez 0-0: Ball
1-0: Called Strike
1-1: Ball
2-1: Fly out, F7 (Flyball, 7S)
Top of the 7th over - 2 run(s), 3 hit(s), 0 error(s), 3 left on base; Indiana 2 - Blueville 10
BOTTOM OF THE 7TH
Blueville 83's batting - Pitching for Indiana Hounds : RHP Kitahachi Okada
Batting: LHB Roberto Trujillo 0-0: Called Strike
0-1: Swinging Strike
0-2: Ball
1-2: Ball
2-2: Strikes out swinging
Batting: RHB Oliver Lugo 0-0: Called Strike
0-1: Ball
1-1: Called Strike
1-2: Ball
2-2: SINGLE (Flyball, 8RS)
Batting: RHB Pat Haynes 0-0: Ball
1-0: Ball
2-0: Ball
3-0: Called Strike
3-1: Called Strike
3-2: Fly out, F4 (Popup, 4)
Batting: RHB Matt Perkins 0-0: Ball
Wild Pitch!
Oliver Lugo to second
1-0: Called Strike
1-1: Ball
2-1: Foul Ball, location: 2F
2-2: Ground out 6-3 (Groundball, 6)
Bottom of the 7th over - 0 run(s), 1 hit(s), 0 error(s), 1 left on base; Indiana 2 - Blueville 10
TOP OF THE 8TH
Indiana Hounds batting - Pitching for Blueville 83's : LHP Pierre Dumont
Batting: RHB Chan-seok O 0-0: Ball
1-0: Fly out, F4 (Popup, 34D)
Batting: RHB Juan Brito 0-0: Called Strike
0-1: Foul Ball, location: 2F
0-2: Ball
1-2: SINGLE (Groundball, 4MD)
Batting: RHB Doug Murray 0-0: Ball
1-0: Called Strike
1-1: Foul Ball, location: 2F
1-2: Strikes out swinging
Batting: RHB Octávio Marín 0-0: Called Strike
0-1: Ball
1-1: Ball
2-1: Called Strike
2-2: Strikes out looking
Top of the 8th over - 0 run(s), 1 hit(s), 0 error(s), 1 left on base; Indiana 2 - Blueville 10
BOTTOM OF THE 8TH
Blueville 83's batting - Pitching for Indiana Hounds : RHP Kitahachi Okada
Batting: RHB Dallas Blair 0-0: Ball
1-0: Ground out 6-3 (Groundball, 6)
Batting: LHB Vincente Sáenz 0-0: Ball
1-0: Called Strike
1-1: Ball
2-1: Called Strike
2-2: Ball
3-2: Strikes out swinging
Batting: RHB Daryl Floyd 0-0: Ball
1-0: Fly out, F7 (Line Drive, 78D)
Bottom of the 8th over - 0 run(s), 0 hit(s), 0 error(s), 0 left on base; Indiana 2 - Blueville 10
TOP OF THE 9TH
Indiana Hounds batting - Pitching for Blueville 83's : LHP Pierre Dumont
Batting: RHB Howard Daniel 0-0: SINGLE (Line Drive, 9S)
Batting: RHB Norberto Gonzáles 0-0: Called Strike
0-1: Fly out, F2 (Popup, 15S)
Batting: RHB Vicente Valentín 0-0: SINGLE (Line Drive, 6MD)
Howard Daniel to second
Batting: RHB Jeff Jones 0-0: Foul Ball, location: 2F
0-1: Ball
1-1: Ball
2-1: SINGLE (Groundball, 6MD)
Howard Daniel to third
Vicente Valentín to second
Batting: LHB Dave Helásquez 0-0: Grounds into double play, 6-4-3 (Groundball, 6)
Top of the 9th over - 0 run(s), 3 hit(s), 0 error(s), 2 left on base; Indiana 2 - Blueville 10
Thursday, March 30th, 2017 - OOTP Baseball 17.12 Build 75